 Dungeon Crawl Stone Soup version 0.27.0-1-g7a08968 (webtiles) character file.

Game seed: 2827778847084188669

45 Ayyar the Chiller (level 3, -1/46 HPs)
             Began as a Gnoll Wanderer on Jan 20, 2022.
             Slain by an orc wizard (3 damage)
             ... on level 2 of the Dungeon.
             The game lasted 00:05:15 (1999 turns).

Ayyar the Chiller (Gnoll Wanderer)                  Turns: 1999, Time: 00:05:16

Health: -1/46      AC:  2    Str: 11    XL:     3   Next: 64%
Magic:  4/4        EV:  9    Int: 11    God:
Gold:   167        SH:  9    Dex: 12    Spells: 2/3 levels left

rFire    . . .     SeeInvis .   e - +6 dagger
rCold    . . .     Faith    .   d - +0 kite shield
rNeg     . . .     Spirit   .   c - +0 robe
rPois    .         Reflect  .   (no helmet)
rElec    .         Harm     .   (no cloak)
rCorr    .         Rampage  .   (no gloves)
Will     .....                  (no boots)
Stlth    ..........             (no amulet)
HPRegen  0.15/turn              (no ring)
MPRegen  0.09/turn              (no ring)

@: brilliant, berserking (expiring), very quick
A: fangs 1, strong nose, distributed training
a: no special abilities


You were on level 2 of the Dungeon.
You visited 1 branch of the dungeon, and saw 2 of its levels.

You collected 167 gold pieces.

Inventory:

Hand Weapons
 e - a +6 dagger (weapon)
Missiles
 k - 11 poisoned darts
 m - 3 boomerangs
Armour
 c - a +0 robe (worn)
 d - a +0 kite shield (worn)
Scrolls
 a - 2 scrolls of identify {unknown}
 f - a scroll of silence {unknown}
 g - a scroll of immolation {unknown}
 h - a scroll of noise {unknown}
 i - a scroll of teleportation {unknown}
Potions
 b - a potion of lignification


   Skills:
 + Level 4.5 Fighting
 + Level 0.9 Short Blades
 + Level 0.9 Long Blades
 + Level 0.9 Axes
 + Level 0.9 Maces & Flails
 + Level 0.9 Polearms
 + Level 0.9 Staves
 + Level 0.9 Slings
 + Level 0.9 Bows
 + Level 4.5 Crossbows
 + Level 0.9 Throwing
 + Level 2.6 Armour
 + Level 0.9 Dodging
 + Level 0.9 Stealth
 + Level 4.5 Shields
 + Level 0.9 Unarmed Combat
 + Level 0.9 Spellcasting
 + Level 0.6 Conjurations
 + Level 0.6 Hexes
 + Level 0.6 Summonings
 + Level 0.6 Necromancy
 + Level 0.6 Translocations
 + Level 0.6 Transmutations
 + Level 0.6 Fire Magic
 + Level 5.4 Ice Magic
 + Level 0.6 Air Magic
 + Level 0.6 Earth Magic
 + Level 0.6 Poison Magic
 + Level 1.0 Invocations
 + Level 0.9 Evocations


You had 2 spell levels left.
You knew the following spells:

 Your Spells              Type           Power      Damage    Failure   Level
a - Shock                 Conj/Air       8%         1d3       67%         1

Your spell library contained the following spells:

 Spells                   Type           Power      Damage    Failure   Level
 Mephitic Cloud           Conj/Pois/Air  2%         N/A       96%         3


Dungeon Overview and Level Annotations

Branches:
Dungeon (2/15)

Altars:

Shops:
D:2 (


Innate Abilities, Weirdness & Mutations

You have very sharp teeth.
Your uncanny sense of smell can sniff out nearby items.
Your experience applies equally to all skills.


Message History

The orc wizard mumbles some strange words.
The orc wizard flickers and vanishes!
Deactivating autopickup; reactivate with Ctrl-A.
You hit something. Something hits you.
You miss something. Something hits you.
You barely miss something.
You hear some strange, mumbled words.
A puff of flame appears from out of thin air!
The puff of flame hits you!
You are too injured to fight recklessly!
You miss something. Something hits you but does no damage.
You miss something. You block something's attack.
You hit something. You block something's attack.
You closely miss something. Something hits you.
You barely miss something.
You hear some strange, mumbled words.
A magic dart appears from out of thin air!
The magic dart hits you.
* * * LOW HITPOINT WARNING * * *
You hear some strange, mumbled words.
You are confused.
You bump into the rock wall.
Something hits you.
* * * LOW HITPOINT WARNING * * *
You miss something. Something hits you.
* * * LOW HITPOINT WARNING * * *
It was a potion of brilliance.
You feel clever all of a sudden. Something hits you.
* * * LOW HITPOINT WARNING * * *
You're too confused to cast spells.
It was a potion of berserk rage.
A red film seems to cover your vision as you go berserk!
You feel yourself moving faster!
You feel mighty! Something hits you.
* * * LOW HITPOINT WARNING * * *
You bump into the rock wall.
You feel a strong urge to attack something.
You're too confused to move!
You feel less confused. Something hits you.
You die...

..........###.
#######.......
#.....###.#### #.###'#
#.##.. .##########.#...#
#.##.#
..........#.#.#####.##.#
######.#.'.8....##.....
#.#######._.#####. #@#
##....8.'. #{# ####.#.##
#o# #...#.# ... #'###.##
... #....P#' .....
######## ..... # .......
# #


You could see an orc.

Vanquished Creatures
  An adder (D:2)
  An orc (D:2)
  3 giant cockroaches
  5 goblins
  4 hobgoblins
  3 kobolds
  5 quokkas
  4 ball pythons (D:1)
  2 bats
  2 frilled lizards
  A rat (D:2)
31 creatures vanquished.

Vanquished Creatures (others)
  3 fungi
  2 plants (D:2)
  3 toadstools (D:1)
8 creatures vanquished.

Grand Total: 39 creatures vanquished

Notes
Turn   | Place    | Note
-------+----------+-------------------------------------------
     0 | D:1      | Ayyar the Gnoll Wanderer began the quest for the Orb.
     0 | D:1      | Ayyar set off with the following items: a +0 dagger, a
                  | potion of lignification, a +0 robe, a +0 kite shield; and
                  | the following spell memorised: Shock; and the following
                  | spells available to memorise: Mephitic Cloud
     0 | D:1      | Reached XP level 1. HP: 20/20 MP: 1/1
    48 | D:1      | HP: 1/20 [goblin (2)]
   441 | D:1      | Reached XP level 2. HP: 17/26 MP: 2/2
  1360 | D:2      | Reached XP level 3. HP: 27/31 MP: 3/3
  1683 | D:2      | Reached skill level 1 in Invocations
  1696 | D:2      | Found Yhyas's Antique Weapon Shoppe.
  1946 | D:2      | Found a faded altar of an unknown god.
  1997 | D:2      | HP: 2/46 [something (1)]
  1999 | D:2      | Slain by an orc wizard

Illustrated notes

Levels and vault maps discovered:
D:1:      amcnicky_arrival_flooded_fountain, layout_rooms,
          minmay_gold_behind_fungi, solitary_fountain, nrook_mini_backslash,
          minmay_bisected
D:2:      layout_basic, serial_shops, shop, shapermc_ecumenical_altar_ellora

Skill      XL: |  1  2  3 |
---------------+----------+-----
Invocations    | 1 |  1.0
Fighting       | |  4.5
Short Blades   | |  0.9
Long Blades    | |  0.9
Axes           | |  0.9
Maces & Flails | |  0.9
Polearms       | |  0.9
Staves         | |  0.9
Slings         | |  0.9
Bows           | |  0.9
Crossbows      | |  4.5
Throwing       | |  0.9
Armour         | |  2.6
Dodging        | |  0.9
Stealth        | |  0.9
Shields        | |  4.5
Unarmed Combat | |  0.9
Spellcasting   | |  0.9
Conjurations   | |  0.6
Hexes          | |  0.6
Summonings     | |  0.6
Necromancy     | |  0.6
Translocations | |  0.6
Transmutations | |  0.6
Fire Magic     | |  0.6
Ice Magic      | |  5.4
Air Magic      | |  0.6
Earth Magic    | |  0.6
Poison Magic   | |  0.6
Evocations     | |  0.9

Action                   || total
-------------------------++-------
Melee: Dagger            ||    97
       Bite              ||     9
  Use: Potion            ||     2
 Stab: Sleeping          ||     4
Armor: Robe              ||    13
Dodge: Dodged            ||    22
Block: Kite shield       ||    41
